 Dungeon Crawl Stone Soup version 0.27-a0-1135-g81dfa19a63 (webtiles) character file.

Game seed: 10709609265020318861

206 DarkShadow the Covered (level 5, 0/47 HPs)
             Began as a Minotaur Fighter on May 4, 2021.
             Was an Initiate of Gozag.
             Slain by a kobold
             ... wielding a +0 whip
              (3 damage)
             ... on level 4 of the Dungeon.
             The game lasted 00:07:21 (2844 turns).

DarkShadow the Covered (Minotaur Fighter)           Turns: 2844, Time: 00:07:22

Health: 0/47       AC:  5    Str: 22    XL:     5   Next: 53%
Magic:  4/4        EV:  8    Int:  3    God:    Gozag
Gold:   181        SH:  9    Dex:  9    Spells: 4/4 levels left

rFire    . . .     SeeInvis .   a - +0 long sword
rCold    . . .     Faith    .   c - +0 kite shield
rNeg     . . .     Spirit   .   b - +0 scale mail
rPois    .         Reflect  .   (helmet restricted)
rElec    .         Harm     .   e - +0 cloak
rCorr    .         Rampage  .   g - +0 pair of gloves
Will     +....                  (no boots)
Stlth    ..........             (no amulet)
HPRegen  0.15/turn              (no ring)
MPRegen  0.09/turn              (no ring)

@: corroded, gold aura
A: horns 2, retaliatory headbutt, hooves 1, dopey 1, strong-willed 1
a: Renounce Religion, Potion Petition, Call Merchant, Bribe Branch


You were on level 4 of the Dungeon.
You worshipped Gozag.
Gozag was aware of your devotion.
You visited 1 branch of the dungeon, and saw 4 of its levels.

You collected 234 gold pieces.
You paid 53 gold pieces to Gozag.

Inventory:

Hand Weapons
 a - a +0 long sword (weapon)
Armour
 b - a +0 scale mail (worn)
 c - a +0 kite shield (worn)
 e - a +0 cloak (worn)
 g - a +0 pair of gloves (worn)
Wands
 j - a wand of paralysis (7)
Scrolls
 h - a scroll of magic mapping {unknown}
 i - a scroll of teleportation {unknown}
 k - a scroll of fog {unknown}
 l - a scroll of identify {unknown}
 m - a scroll of immolation {unknown}
Potions
 d - a potion of might
 f - a potion of haste {unknown}


   Skills:
 + Level 4.6 Fighting
 + Level 4.2 Long Blades
 + Level 4.9 Armour
 + Level 1.1 Dodging
 + Level 0.1 Stealth
 + Level 4.7 Shields


You had 4 spell levels left.
You didn't know any spells.
Your spell library was empty.

Dungeon Overview and Level Annotations

Branches:
Dungeon (4/15)
 Temple: D:4-7

Altars:
Dithmenos
Fedhas
Gozag
Ru

Annotations:
D:4 Menkaure


Innate Abilities, Weirdness & Mutations

You have a pair of horns on your head.
You reflexively headbutt those who attack you in melee.
You have large cloven feet.
You are dopey. (Int -2)
You are strong-willed. (Will+)


Message History

The jelly quivers.
The jelly moves out of view.
Found a bubbling dark potion and 16 gold pieces.
Found two stone staircases leading up.
Menkaure, Prince of Dust comes into view.
Menkaure shouts!
You hit the jelly. The acid corrodes you!
Your hands burn!
You kick the jelly.
The jelly is heavily wounded.
A kobold comes into view. It is wielding a +0 whip.
You block the jelly's attack.
Menkaure mumbles drily.
The kobold shouts!
You hit the jelly.
Your hands burn!
The jelly is heavily wounded.
The jelly closely misses you. You furiously retaliate!
You headbutt the jelly!
You kill the jelly!
Menkaure calls on the powers of darkness!
Your body is wracked with pain!
The kobold convulses!
You block Menkaure's attack.
You see here 7 gold pieces.
You hit Menkaure.
Menkaure is lightly damaged.
Menkaure hits you but does no damage.
You hit Menkaure but do no damage.
You headbutt Menkaure, but do no damage.
Menkaure is lightly damaged.
Menkaure calls on the powers of darkness!
Your body is wracked with pain!
* * * LOW HITPOINT WARNING * * *
The worm convulses!
The worm completely misses you.
You riposte.
You hit the worm but do no damage. You headbutt the worm!
The worm is severely wounded.
You slash Menkaure! You kick Menkaure.
Menkaure is severely damaged.
Menkaure gestures at you while chanting.
Pain shoots through your body!
* * * LOW HITPOINT WARNING * * *
The kobold hits you with a +0 whip.
You die...
Your body crumbles into a pile of gold.

#.#.# ....#.#
###....#.#
#....<$..#
#.........
.........
#.K......
#@M...#..
#.######w###..<.
#..).<..........
.........|......!.
##########.##.....
#........
####..... #... ...


You could see Menkaure, a worm and a kobold.

Vanquished Creatures
  A phantom (D:2)
  A jelly (D:4)
  3 gnolls
  2 dart slugs
  2 orcs (D:3)
  7 endoplasms
  A giant cockroach (D:1)
  6 hobgoblins
  3 jackals (D:1)
  3 quokkas
  5 ball pythons (D:1)
  5 bats
  2 frilled lizards
  10 goblins
  5 kobolds
  4 rats
60 creatures vanquished.

Notes
Turn   | Place    | Note
-------+----------+-------------------------------------------
     0 | D:1      | DarkShadow the Minotaur Fighter began the quest for the
                  | Orb.
     0 | D:1      | Reached XP level 1. HP: 19/19 MP: 0/0
   314 | D:1      | Reached XP level 2. HP: 27/27 MP: 1/1
   786 | D:2      | Reached XP level 3. HP: 33/33 MP: 2/2
  1051 | D:2      | Gained mutation: You have large cloven feet. [potion of
                  | mutation]
  1051 | D:2      | Gained mutation: You are strong-willed. (Will+) [potion of
                  | mutation]
  1051 | D:2      | Gained mutation: You are dopey. (Int -2) [potion of
                  | mutation]
  1061 | D:2      | HP: 2/49 [poisoned by a goblin]
  1507 | D:2      | Found a faded altar of an unknown god.
  1840 | D:3      | Noticed a phantom
  2180 | D:2      | Killed a phantom
  2181 | D:2      | Reached XP level 4. HP: 22/41 MP: 3/3
  2181 | D:2      | Reached XP level 5. HP: 25/47 MP: 4/4
  2542 | D:3      | Found an opulent altar of Gozag.
  2543 | D:3      | Found a sacrificial altar of Ru.
  2547 | D:3      | Found a blossoming altar of Fedhas.
  2547 | D:3      | Found a shadowy altar of Dithmenos.
  2552 | D:3      | Became a worshipper of Gozag Ym Sagoz the Greedy
  2609 | D:3      | Reached skill level 1 in Dodging
  2838 | D:4      | Noticed Menkaure
  2844 | D:4      | Slain by a kobold

Illustrated notes

Levels and vault maps discovered:
D:1:      sevenhm_arrival_forest_fort_small_3, layout_basic
D:2:      layout_loops_cross, chequers_ecumenical_altar_grove
D:3:      layout_rooms, grunt_temple_overflow_open
D:4:      layout_loops_ring, nicolae_overflow_hidden_temple,
          lightli_temple_of_fire, serial_shops, kennysheep_mini, uniq_duvessa,
          uniq_ijyb, uniq_menkaure

Skill      XL: |  1  2  3  4  5 |
---------------+----------------+-----
Fighting       | 4 |  4.6
Shields        | 4 |  4.7
Long Blades    | 3 4 |  4.2
Armour         | 4 |  4.9
Dodging        | 1 |  1.1
Stealth        | |  0.1

Action                   |  1- 3 |  4- 6 || total
-------------------------+-------+-------++-------
Melee: Long sword        |    89 |    30 ||   119
       Headbutt          |    16 |     4 ||    20
       Kick              |     7 |    12 ||    19
  Use: Potion            |     3 |       ||     3
Armor: Scale mail        |    63 |    13 ||    76
Dodge: Dodged            |    30 |    12 ||    42
Block: Kite shield       |    57 |    12 ||    69
       Rpst.: Long sword |    10 |     3 ||    13

Table legend: (Time is in decaauts)
 A = Elapsed time spent in this place.
 B = Non-inter-level travel time spent in this place.
 C = Inter-level travel time spent in this place.
 D = Time resting spent in this place.
 E = Time spent auto-exploring this place.
 F = Levels seen in this place.
 G = Mean time per level.
                   A        B        C        D        E       F      G
               +--------+--------+--------+--------+--------+-----+--------+
         Total |   2900 |   2815 |     85 |    821 |   1545 |   4 |  725.0 |
       Dungeon |   2900 |   2815 |     85 |    821 |   1545 |   4 |  725.0 |
               +--------+--------+--------+--------+--------+-----+--------+

Top non-repeatable levels by time:
     D:2: 1551 daAuts
     D:1: 738 daAuts
     D:3: 597 daAuts
     D:4: 12 daAuts
